 Dungeon Crawl Stone Soup version 0.30-a0-779-g7971cf19c3 (webtiles) character file.

Game seed: 4841301850487999861

20 elagabalus the Stinger (level 2, 20/20 HPs)
             Began as a Draconian Venom Mage on Feb 17, 2023.
             Quit the game on level 1 of the Dungeon.
             The game lasted 00:06:43 (858 turns).

elagabalus the Stinger (Draconian Venom Mage)        Turns: 858, Time: 00:06:43

Health: 20/20      AC:  4    Str: 10    XL:     2   Next: 58%
Magic:  3/5        EV: 12    Int: 15    God:
Gold:   97         SH:  0    Dex: 11    Spells: 2/5 levels left

rFire   . . .      SeeInvis .    e - +1 whip (elec)
rCold   . . .      Faith    .    (no shield)
rNeg    . . .      Spirit   .    (body armour unavailable)
rPois   .          Reflect  .    (helmet restricted)
rElec   .          Harm     .    (no cloak)
rCorr   .          Rampage  .    (no gloves)
Will    .....                    (no boots)
Stlth   ++                       (no amulet)
HPRegen 0.23/turn                (no ring)
MPRegen 0.09/turn                (no ring)

@: no status effects
A: AC +4, unfitting armour, cold-blooded
a: no special abilities


You were on level 1 of the Dungeon.
You visited 1 branch of the dungeon, and saw 1 of its levels.

You collected 97 gold pieces.

Inventory:

Hand Weapons
 e - a +1 whip of electrocution (weapon)
Missiles
 f - 16 stones
Armour
 d - an orb of wrath
Scrolls
 b - a scroll of poison {unknown}
 c - 2 scrolls of identify {unknown}
Potions
 a - 2 potions of magic


   Skills:
 - Level 1.7 Dodging
 - Level 1.7 Stealth
 - Level 2.0 Spellcasting
 - Level 1.0 Transmutations
 * Level 4.0 Poison Magic


You had 2 spell levels left.
You knew the following spells:

 Your Spells              Type           Power      Damage    Failure   Level
a - Sting                 Tmut/Pois      36%        1d4       8%          1
b - Poisonous Vapours     Pois/Air       14%        N/A       14%         2

Your spell library contained the following spells:

 Spells                   Type           Power      Damage    Failure   Level
 Cigotuvi's Dreadful Rot  Necr/Pois/Air  10%        N/A       19%         2
 Mephitic Cloud           Conj/Pois/Air  5%         N/A       36%         3
 Olgreb's Toxic Radiance  Pois           13%        N/A       38%         4


Dungeon Overview and Level Annotations

Branches:
Dungeon (1/15)

Altars:


Innate Abilities, Weirdness & Mutations

Your plain brown scales are hard. (AC +4)
You cannot fit into any form of body armour.
You are cold-blooded and may be slowed by cold attacks.


Message History

Aiming: Poisonous Vapours (safe; 16% risk of failure)
Press: ? - help, Q - select action, (/) - cycle Dir - move target, f - ball python
Aim: a ball python (asleep) Poisonous vapours surround the ball python!
The ball python is poisoned.
A ball python is nearby!
You kill the ball python!
Found a scroll labelled SAUT LOPUGH.
A giant cockroach comes into view.
Aiming: Poisonous Vapours (safe; 16% risk of failure)
Press: ? - help, Q - select action, (/) - cycle Dir - move target, f - giant cockroach
Aim: a giant cockroach (asleep) Poisonous vapours surround the giant cockroach!
The giant cockroach is poisoned.
You kill the giant cockroach!
c - 2 scrolls labelled SAUT LOPUGH (gained 1)
Found a stone staircase leading down.
There is a stone staircase leading down here.
Found 7 gold pieces.
You now have 97 gold pieces (gained 7).
A rat comes into view.
Aiming: Poisonous Vapours (safe; 16% risk of failure)
Press: ? - help, Q - select action, (/) - cycle Dir - move target You miscast Poisonous Vapours.
You are very lightly contaminated with residual magic.
Nothing appears to happen.
Aiming: Poisonous Vapours (safe; 16% risk of failure)
Press: ? - help, Q - select action, (/) - cycle Dir - move target, f - rat
Aim: a rat (asleep) Poisonous vapours surround the rat!
The rat is poisoned.
You kill the rat!
Your Poison Magic skill increases to level 4!
Your magical contamination has completely faded away.
A hobgoblin comes into view.
Found a book of Vapours.
You pick up a book of Vapours and begin reading...
You add the spell Cigotuvi's Dreadful Rot to your library.
Okay, then.
Okay, then.
Are you sure you want to abandon this character and quit the game? (Confirm with "yes".)

###### #.# #.# #####
#.# #...# #.# #...#
#.# ## #####...###.#
g# #.........#.# .#
#.###...###.#####.#
#.#.......#.....@.#
#.#.#...#.####..###
#.#.#...........#
#.#.#...#.#..#.#####.
#.#.#.###............#
#.#.#.#..†...#.#######
#.#.#.####........#
#.#.#....#.#....#.#
#.#.######.#....# #


You could see a hobgoblin (asleep).

Vanquished Creatures
  3 endoplasms (D:1)
  3 giant cockroaches (D:1)
  A goblin (D:1)
  3 kobolds (D:1)
  A quokka (D:1)
  4 ball pythons (D:1)
  2 rats (D:1)
17 creatures vanquished.

Notes
Turn   | Place    | Note
-------+----------+-------------------------------------------
     0 | D:1      | elagabalus the Draconian Venom Mage began the quest for the
                  | Orb.
     0 | D:1      | Reached XP level 1. HP: 14/14 MP: 3/3
   326 | D:1      | Reached XP level 2. HP: 20/20 MP: 3/5
   329 | D:1      | Learned a level 2 spell: Poisonous Vapours
   834 | D:1      | Reached skill level 4 in Poison Magic
   858 | D:1      | Quit the game

Illustrated notes

Levels and vault maps discovered:
D:1:      tekkud_arrival_beachfront_property, layout_basic

Skill      XL: |  1  2 |
---------------+-------+-----
Poison Magic   | 4 |  4.0
Dodging        | |  1.7
Stealth        | |  1.7
Spellcasting   | |  2.0
Transmutations | |  1.0

Action                     || total
---------------------------++-------
  Melee: Whip              ||    11
         Dagger            ||     1
         Tailslap          ||     3
   Cast: Sting             ||    16
         Poisonous Vapours ||     5
 Armour: Skin              ||     9
  Dodge: Dodged            ||    10

Table legend: (Time is in decaauts)
 A = Elapsed time spent in this place.
 B = Non-inter-level travel time spent in this place.
 C = Inter-level travel time spent in this place.
 D = Time resting spent in this place.
 E = Time spent auto-exploring this place.
 F = Levels seen in this place.
 G = Mean time per level.
                   A        B        C        D        E       F      G
               +--------+--------+--------+--------+--------+-----+--------+
         Total |    858 |    135 |    723 |      0 |      0 |   1 |  858.0 |
       Dungeon |    858 |    135 |    723 |      0 |      0 |   1 |  858.0 |
               +--------+--------+--------+--------+--------+-----+--------+

Top non-repeatable levels by time:
     D:1: 858 daAuts
